 Dungeon Crawl Stone Soup version 0.19.5 (console) character file.

22729 Grinner the Bludgeoner (level 13, -14/217 HPs)
             Began as an Ogre Monk on Mar 16, 2017.
             Was the Champion of Okawaru.
             Demolished by an orc warrior
             ... wielding a +0 glaive
              (17 damage)
             ... on level 11 of the Dungeon on Mar 17, 2017.
             The game lasted 00:41:35 (14744 turns).

Grinner the Bludgeoner (Ogre Monk)                 Turns: 14744, Time: 00:41:35

Health: -14/217    AC:  8    Str: 32    XL:     13   Next: 2%
Magic:  22/23      EV: 17    Int:  9    God:    Okawaru [******]
Gold:   301        SH:  0    Dex: 18    Spells: 1 memorised, 22 levels left

rFire  . . .     SeeInvis +     p - +6 giant club {speed, *Slow Str+4 Int-4 Dex+6}
rCold  . . .     Gourm    .     E - +0 steam dragon scales
rNeg   . . .     Faith    .     (shield currently unavailable)
rPois  +         Spirit   .     (helmet restricted)
rElec  .         Reflect  .     H - +1 cloak of Surprise {*Drain Int+4 SInv}
rCorr  .         Harm     .     (gloves unavailable)
MR     +....                    (boots unavailable)
Stlth  ..........               C - amulet of rage
                                A - +3 ring of evasion
                                l - ring of poison resistance

@: berserking (expiring), slowed
A: unfitting armour, tough skin 1
a: Heroism, Finesse, Renounce Religion, Evoke Berserk Rage


You were on level 11 of the Dungeon.
You worshipped Okawaru.
Okawaru was exalted by your worship.
You were not hungry.

You visited 3 branches of the dungeon, and saw 14 of its levels.

You collected 586 gold pieces.
You spent 285 gold pieces at shops.

Inventory:

Hand Weapons
 a - a +0 dire flail of holy wrath
 d - a +0 giant club of draining
 m - a +0 morningstar
 p - the +6 giant club of Talaext (weapon) {speed, *Slow Str+4 Int-4 Dex+6}
   (Okawaru gifted it to you on level 11 of the Dungeon)

   Attacks with this weapon are significantly faster.
   It affects your strength (+4).
   It affects your intelligence (-4).
   It affects your dexterity (+6).
   It may slow you when you take damage.
 U - a +0 giant spiked club of venom
Armour
 b - a +1 robe
 E - +0 steam dragon scales (worn)
 H - the +1 cloak of Surprise (worn) {*Drain Int+4 SInv}
   (You bought it in a shop on level 9 of the Dungeon)

   It affects your intelligence (+4).
   It lets you see invisible.
   It causes draining when unequipped.
Jewellery
 l - a ring of poison resistance (left hand)
 o - an uncursed ring of see invisible
 u - an uncursed ring of ice
 w - an uncursed ring of positive energy
 z - an uncursed ring of protection from magic
 A - a +3 ring of evasion (right hand)
 C - an amulet of rage (around neck)
 P - an uncursed ring of wizardry
Wands
 e - a wand of flame (21/48)
 g - a wand of lightning (7/15)
 t - a wand of acid (9/15)
 y - a wand of flame (4/48)
 O - a wand of acid (4/15)
 T - a wand of confusion (20/48)
Scrolls
 f - 3 scrolls of identify
 h - 2 scrolls of magic mapping
 i - a scroll of fog
 j - 8 scrolls of remove curse
 n - 4 scrolls of teleportation
 q - a scroll of noise
 s - 3 scrolls of immolation
 v - a scroll of amnesia
 B - 2 scrolls of recharging
 D - a scroll of silence
 N - a scroll of vulnerability
 R - 2 scrolls of enchant armour
Potions
 x - a potion of flight
 G - a potion of cure mutation
 I - a potion of cancellation
Books
 L - a Young Poisoner's Handbook

   Spells                             Type                      Level
   a - Sting                          Conjuration/Poison           1
   b - Mephitic Cloud                 Conjuration/Poison/Air       3
   c - Olgreb's Toxic Radiance        Poison                       4
   d - Alistair's Intoxication        Transmutation/Poison         5
   e - Venom Bolt                     Conjuration/Poison           5
 M - a book of Necromancy

   Spells                             Type                      Level
   a - Pain                           Necromancy                   1
   b - Animate Skeleton               Necromancy                   1
   c - Vampiric Draining              Necromancy                   3
   d - Regeneration                   Charms/Necromancy            3
   e - Animate Dead                   Necromancy                   4
   f - Control Undead                 Necromancy                   4
Comestibles
 c - 7 bread rations
 k - 37 fruits
 r - 2 meat rations


   Skills:
 - Level 13.6 Fighting
 * Level 17.3 Maces & Flails
 + Level 6.2 Dodging
 - Level 1.4 Stealth
 + Level 6.8 Spellcasting
 + Level 6.4 Invocations
 + Level 5.4 Evocations


You had 22 spell levels left.
You knew the following spells:

 Your Spells              Type           Power        Failure   Level  Hunger
c - Mephitic Cloud        Conj/Pois/Air  #.......     69%         3    ###....


Dungeon Overview and Level Annotations

Branches:
Dungeon (12/15)            Temple (1/1) D:7            Lair (1/6) D:8
    Orc: D:9-12

Altars:
Ashenzari
Cheibriados
Dithmenos
Elyvilon
Fedhas
Gozag
Hepliaklqana
Kikubaaqudgha
Makhleb
Nemelex Xobeh
Okawaru
Qazlal
Ru
Sif Muna
Trog
Uskayaw
Vehumet
Xom
Yredelemnul
Zin
The Shining One

Shops:
D:9 =[=[   D:10 *[


Innate Abilities, Weirdness & Mutations

You are too large for most types of armour.
You have tough skin. (AC +1)


Message History

The wraith drains your vigour!
You feel as though you will be slow longer.
You bludgeon the orc warrior!!
You kill the orc warrior!
Okawaru accepts your kill.
You have reached level 13!
You bludgeon the wraith!!
You destroy the wraith!
Okawaru accepts your kill. The ogre misses you.
You barely miss the orc warrior. The orc warrior barely misses you.
You hammer the orc warrior like a gong!!!
You kill the orc warrior!
Okawaru accepts your kill. The ogre completely misses you.
You beat the ogre like a drum!!!
You kill the ogre!
Okawaru accepts your kill.
The orc warrior hits you from afar with a glaive!
You die...

#...# ## #...# #...####
... #....... ...
#..####. 8.8 #..# #.
##o## ##..# #. #o.o#
#...####.
#)o.#######.#..##..
...###@###.........#...
........().........!>...
....#.#.#.#).)......#.##
.. ...................##
......................
####.................##
###########.....###
..........##
..........##


You could see 4 orc warriors.

Vanquished Creatures
  Snorg (D:11)
  Harold (D:11)
  A hydra (Lair:1)
  Erica (D:11)
  The ghost of Naiya55 the Geomancer, a journeyman GrEE of Vehumet (Lair:1)
  4 centaur warriors (D:11)
  Urug (D:11)
  The ghost of Naiya55 the Geomancer, a novice GrEE of Vehumet (Lair:1)
  An unseen horror (D:10)
  A hill giant (D:11)
  2 manticores (D:11)
  An ugly thing (D:11)
  3 spiny frogs (Lair:1)
  2 komodo dragons (Lair:1)
  2 trolls (D:11)
  Grinder (D:6)
  3 hippogriffs
  2 wraiths (D:11)
  12 yaks
  2 basilisks (Lair:1)
  The ghost of antares the Poker, an amateur MfGl (D:5)
  A steam dragon (D:11)
  4 water moccasins (Lair:1)
  3 ice beasts
  3 porcupines (Lair:1)
  2 black bears
  4 sky beasts
  10 orc warriors
  A necrophage (D:10)
  5 phantoms
  7 ogres
  9 centaurs
  3 crocodiles (Lair:1)
  A big kobold (D:8)
  Blork the orc (D:6)
  5 bullfrogs
  A wyvern skeleton (D:10)
  2 scorpions
  14 killer bees
  7 howler monkeys
  5 crimson imps
  A bullfrog zombie (D:7)
  5 jellies
  6 bullfrog skeletons
  3 hounds
  11 orc wizards
  4 centaur zombies
  5 orc priests
  3 centaur skeletons
  Jessica (D:2)
  3 iguanas
  5 worker ants
  A hound zombie (D:6)
  2 hound skeletons
  A howler monkey zombie (D:5)
  8 adders
  2 shadow imps
  An ooze (D:1)
  An adder skeleton (D:5)
  3 dart slugs
  3 leopard geckos
  30 orcs
  5 ball pythons
  4 bats
  3 giant cockroaches
  4 hobgoblins
  11 jackals
  4 quokkas
  6 frilled lizards
  6 goblins
  A jackal skeleton (D:9)
  8 kobolds
  A leopard gecko zombie (D:6)
  7 rats
291 creatures vanquished.

Vanquished Creatures (others)
  An ugly thing (D:11)
  2 orc wizards
  An orc (D:11)
  A quokka (D:11)
  A fungus (D:8)
  2 plants (Lair:1)
8 creatures vanquished.

Grand Total: 299 creatures vanquished

Notes
Turn   | Place    | Note
-------+----------+-------------------------------------------
     0 | D:1      | Grinner the Ogre Monk began the quest for the Orb.
     0 | D:1      | Reached XP level 1. HP: 24/24 MP: 1/1
   109 | D:1      | Reached XP level 2. HP: 26/33 MP: 2/2
   572 | D:1      | Reached skill level 5 in Maces & Flails
   572 | D:1      | Reached XP level 3. HP: 33/40 MP: 3/3
  1037 | D:2      | Reached skill level 5 in Fighting
  1185 | D:2      | Noticed Jessica
  1194 | D:2      | Killed Jessica
  1194 | D:2      | Reached XP level 4. HP: 45/50 MP: 4/4
  1300 | D:2      | Found a faded altar of an unknown god.
  1587 | D:3      | Found a shadowy altar of Dithmenos.
  2093 | D:4      | Reached skill level 6 in Maces & Flails
  2093 | D:4      | Reached XP level 5. HP: 51/59 MP: 5/5
  2728 | D:5      | Entered Level 5 of the Dungeon
  2815 | D:5      | Noticed an ice beast
  2826 | D:5      | Killed an ice beast
  2826 | D:5      | Reached skill level 7 in Maces & Flails
  2826 | D:5      | Reached XP level 6. HP: 40/71 MP: 6/6
  2837 | D:5      | Found a shattered altar of Ashenzari.
  2934 | D:5      | Noticed an ice beast
  2947 | D:5      | Killed an ice beast
  2947 | D:5      | Reached XP level 7. HP: 37/79 MP: 7/7
  3286 | D:5      | Noticed antares's ghost (amateur MfGl)
  3743 | D:5      | Reached skill level 8 in Maces & Flails
  4021 | D:5      | Killed antares's ghost
  4248 | D:6      | Noticed Grinder
  4255 | D:6      | Reached skill level 9 in Maces & Flails
  4255 | D:6      | Paralysed by Grinder for 7 turns
  4272 | D:6      | Killed Grinder
  4272 | D:6      | Reached XP level 8. HP: 35/92 MP: 8/8
  4658 | D:6      | Reached skill level 10 in Maces & Flails
  4711 | D:6      | Noticed Blork the orc
  4714 | D:6      | Reached skill level 10 in Fighting
  4719 | D:6      | Killed Blork the orc
  4737 | D:6      | Gained mutation: You possess an exceptional clarity of mind. [potion of mutation]
  4737 | D:6      | Gained mutation: You are weak. (Str -2) [potion of mutation]
  4826 | D:6      | Reached skill level 11 in Maces & Flails
  4826 | D:6      | Reached XP level 9. HP: 21/102 MP: 9/9
  6148 | D:7      | Reached skill level 12 in Maces & Flails
  6297 | D:7      | Found a staircase to the Ecumenical Temple.
  6320 | D:7      | Lost mutation: You possess an exceptional clarity of mind. [potion of cure mutation]
  6320 | D:7      | Lost mutation: You are weak. (Str -2) [potion of cure mutation]
  7357 | Temple   | Entered the Ecumenical Temple
  7643 | D:8      | Found a staircase to the Lair.
  7708 | D:8      | Reached XP level 10. HP: 66/118 MP: 10/10
  7734 | D:8      | Reached skill level 13 in Maces & Flails
  8840 | D:8      | Found an iron altar of Okawaru.
  8883 | D:9      | Found Siuriety's Antique Armour Boutique.
  8913 | D:9      | Bought a faintly humming cloak for 285 gold pieces
  8913 | D:9      | Identified the +1 cloak of Surprise {*Drain Int+4 SInv} (You bought it in a shop on level 9 of the Dungeon)
  8959 | D:9      | Found Upairch's Jewellery Shop.
  9040 | D:9      | Found Alaxa's Antique Armour Emporium.
  9056 | D:9      | Found Vualiwn's Jewellery Shop.
  9087 | D:8      | Became a worshipper of Warmaster Okawaru
  9087 | D:8      | Reached * piety under Okawaru
  9087 | D:8      | Reached ** piety under Okawaru
  9709 | Lair:1   | Entered Level 1 of the Lair of Beasts
  9725 | Lair:1   | Learned a level 3 spell: Mephitic Cloud
  9820 | Lair:1   | Reached skill level 14 in Maces & Flails
  9820 | Lair:1   | Reached skill level 1 in Spellcasting
  9820 | Lair:1   | Reached skill level 1 in Invocations
  9822 | Lair:1   | Noticed a spiny frog
  9835 | Lair:1   | Killed a spiny frog
  9835 | Lair:1   | Reached skill level 1 in Evocations
  9967 | Lair:1   | Noticed Naiya55's ghost (journeyman GrEE)
  9977 | Lair:1   | Killed Naiya55's ghost
 10004 | Lair:1   | Reached *** piety under Okawaru
 10254 | Lair:1   | Reached XP level 11. HP: 128/128 MP: 13/15
 10845 | Lair:1   | Noticed a seven-headed hydra
 10856 | Lair:1   | Killed a seven-headed hydra
 11132 | Lair:1   | Reached **** piety under Okawaru
 11132 | Lair:1   | Reached skill level 15 in Maces & Flails
 11384 | Lair:1   | Noticed Naiya55's ghost (novice GrEE)
 11394 | Lair:1   | Killed Naiya55's ghost
 11952 | D:10     | Entered Level 10 of the Dungeon
 12003 | D:10     | Found Fuugur's Antique Armour Boutique.
 12085 | D:10     | Killed an unseen horror
 12085 | D:10     | Reached ***** piety under Okawaru
 12165 | D:10     | Got a creamy pearl robe
 12166 | D:10     | Identified the cursed +1 robe "Kuet" {Int+2 Stlth+} (You found it on level 10 of the Dungeon)
 12419 | D:10     | Found Kasetobb's General Store.
 12569 | D:11     | Killed a red ugly thing
 12584 | D:11     | Noticed a manticore
 12627 | D:11     | Reached skill level 5 in Spellcasting
 12988 | D:11     | Noticed Urug
 12989 | D:11     | Killed a manticore
 12992 | D:11     | Reached XP level 12. HP: 137/137 MP: 19/19
 13015 | D:11     | HP: 6/137 [wraith (12)]
 13301 | D:12     | Reached skill level 5 in Dodging
 13326 | D:11     | Killed Urug
 13326 | D:11     | Reached skill level 16 in Maces & Flails
 13326 | D:11     | Reached skill level 5 in Invocations
 13416 | D:11     | Noticed Erica
 13424 | D:11     | Killed Erica
 13433 | D:11     | Noticed Harold
 13764 | D:11     | Received a gift from Okawaru
 13767 | D:11     | Reached ****** piety under Okawaru
 13771 | D:11     | Got a shimmering giant club {god gift}
 13778 | D:11     | Identified the +6 giant club of Talaext {speed, *Slow Str+4 Int-4 Dex+6} (Okawaru gifted it to you on level 11 of the Dungeon)
 13988 | D:11     | Found a blossoming altar of Fedhas.
 14613 | D:11     | Killed Harold
 14613 | D:11     | Reached skill level 5 in Evocations
 14703 | D:11     | Noticed a centaur warrior
 14703 | D:11     | Noticed Snorg
 14705 | D:11     | Noticed a centaur warrior
 14708 | D:11     | Noticed a centaur warrior
 14711 | D:11     | Killed a centaur warrior
 14712 | D:11     | Noticed a centaur warrior
 14722 | D:11     | Killed Snorg
 14727 | D:11     | Killed a centaur warrior
 14727 | D:11     | Received a gift from Okawaru
 14727 | D:11     | Reached skill level 17 in Maces & Flails
 14731 | D:11     | Killed a centaur warrior
 14738 | D:11     | Killed a centaur warrior
 14739 | D:11     | HP: 9/205 [orc warrior/glaive (7)]
 14739 | D:11     | HP: 1/205 [wraith (8)]
 14740 | D:11     | Reached XP level 13. HP: 1/145 MP: 21/23
 14744 | D:11     | Demolished by an orc warrior

Skill      XL: |  1  2  3  4  5  6  7  8  9 10 11 12 |
---------------+-------------------------------------+-----
Maces & Flails | 5 6 7 9 11 12 14 15 17 | 17.3
Fighting       | 5 7 9 10 12 13 | 13.6
Spellcasting   | 2 5 6 |  6.8
Invocations    | 2 4 6 |  6.4
Dodging        | 3 4 6 |  6.2
Evocations     | 1 4 5 |  5.4
Stealth        | |  1.4

Action                   |  1- 3 |  4- 6 |  7- 9 | 10-12 | 13-15 || total
-------------------------+-------+-------+-------+-------+-------++-------
Melee: Mace              |   125 |    15 |       |       |       ||   140
       Morningstar       |       |    85 |   299 |       |       ||   384
       Dire flail        |       |       |    48 |   489 |       ||   537
       Giant club        |       |       |       |    86 |     4 ||    90
Throw: Throwing net      |       |       |     2 |       |       ||     2
Invok: Heroism           |       |       |       |     5 |       ||     5
 Abil: Evoke Berserk Rag |       |       |     6 |     9 |       ||    15
  Use: Potion            |     1 |       |     9 |     7 |       ||    17
       Scroll            |       |       |     3 |    20 |       ||    23
 Stab: Sleeping          |     4 |     4 |       |     2 |       ||    10
       Held in net/web   |       |       |     2 |       |       ||     2
       Invisible         |       |       |       |     4 |       ||     4
       Distracted        |       |       |       |     2 |       ||     2
  Eat: Chunk             |     1 |     6 |     9 |    19 |       ||    35
       Fruit             |       |       |     1 |     2 |       ||     3
       Meat ration       |       |       |     1 |     2 |       ||     3
       Bread ration      |       |       |     1 |       |       ||     1
       Beef jerky        |       |       |       |     2 |       ||     2
       Pizza             |       |       |       |     1 |       ||     1
Armor: Robe              |    44 |    20 |    59 |    88 |       ||   211
       Steam dragon scal |       |       |       |     7 |       ||     7
Dodge: Dodged            |    70 |    59 |   222 |   324 |     3 ||   678
